 Dungeon Crawl Stone Soup version 0.24-a0-408-gcc1054c7ca (webtiles) character file.

Game seed: 13627048924110444937

90 MisterFreud the Digger (level 4, -1/27 HPs)
             Began as an Octopode Earth Elementalist on June 5, 2019.
             Slain by a hobgoblin
             ... wielding a +0 war axe
              (10 damage)
             ... on level 2 of the Dungeon.
             The game lasted 00:03:27 (2587 turns).

MisterFreud the Digger (OpEE)                       Turns: 2587, Time: 00:03:28

Health: -1/27      AC:  1    Str:  7    XL:     4   Next: 56%
Magic:  8/9        EV: 13    Int: 18    God:
Gold:   109        SH:  0    Dex: 12    Spells: 5/9 levels left

rFire    . . .     SeeInvis .   d - +1 long sword (slice)
rCold    . . .     Gourm    .   (no shield)
rNeg     . . .     Faith    .   (helmet restricted)
rPois    .         Spirit   .   (no amulet)
rElec    .         Reflect  .   (no ring)
rCorr    .         Harm     .   (no ring)
MR       .....                  (no ring)
Stlth    +++.......             (no ring)
HPRegen  0.09/turn              (no ring)
MPRegen  0.11/turn              (no ring)
                                (no ring)
                                (no ring)

@: no status effects
A: almost no armour, stealthy swim, amphibious, 8 rings, constrict 8, camouflage
1, gelatinous body 1
a: no special abilities


You were on level 2 of the Dungeon.
You were not hungry.

You visited 1 branch of the dungeon, and saw 2 of its levels.

You collected 109 gold pieces.

Inventory:

Hand Weapons
 d - a +1 long sword of slicing (weapon)
 k - a +0 short sword
Missiles
 b - 54 stones (quivered)
 e - 3 boomerangs
 i - 33 arrows
 l - 6 datura-tipped darts
 p - 26 sling bullets
Scrolls
 f - a scroll of remove curse
 g - a scroll of enchant armour
Potions
 h - a potion of ambrosia {unknown}
 o - 2 potions of flight
 r - a potion of curing {unknown}
Comestibles
 c - 3 rations
 n - 4 chunks of flesh


   Skills:
 - Level 2.0 Dodging
 - Level 2.6 Stealth
 + Level 3.3 Spellcasting
   Level 1.0 Transmutations
 + Level 4.2 Earth Magic


You had 5 spell levels left.
You knew the following spells:

 Your Spells              Type           Power        Failure   Level  Hunger
a - Sandblast             Erth           ###...       2%          1    None
b - Stone Arrow           Conj/Erth      ##....       21%         3    ###....

Your spell library contained the following spells:

 Spells                   Type           Power        Failure   Level  Hunger
 Passwall                 Tmut/Erth      ##......     9%          2    ##.....
 Petrify                  Tmut/Erth      ##......     47%         4    ####...
 Lee's Rapid Deconstruct  Erth           ###.......   61%         5    ######.


Dungeon Overview and Level Annotations

Branches:
Dungeon (2/15)

Altars:
Sif Muna


Innate Abilities, Weirdness & Mutations

You cannot wear most types of armour.
You are very stealthy in the water. (Stealth+)
You are amphibious.
You can wear up to eight rings at the same time.
You can use your tentacles to constrict eight enemies at once.
Your skin changes colour to match your surroundings (Stealth+).
Your rubbery body absorbs attacks. (AC +1, EV +1)


Message History

Found a deep blue altar of Sif Muna.
The hobgoblin shouts!
The hobgoblin is too close now for your liking.
The hobgoblin hits you with a +0 war axe.
You closely miss the hobgoblin. You grab the hobgoblin.
You constrict the hobgoblin, but do no damage.
The hobgoblin hits you with a +0 war axe!
You are too injured to fight recklessly!
You are too injured to fight recklessly!
You are too injured to fight recklessly!
Casting: Sandblast (safe; 2% risk of failure)
Confirm with . or Enter, or press ? or * to list all spells.
Aiming: Sandblast (safe; 2% risk of failure)
Press: ? - help, Shift-Dir - straight line, f - hobgoblin
Aim: a hobgoblin, wielding a +0 war axe, wearing a +0 ring mail and wearing a +2 ring of slaying (constricted by you)
The blast of sand hits the hobgoblin but does no damage.
b - 54 stones You constrict the hobgoblin, but do no damage.
The hobgoblin hits you with a +0 war axe!
You die...

...........#..........''.........
........####..........##.........
........# #..<.......##.........
........# #..........##)........
###.....# #..........###########
#.....# ######...### #.....#
##...###.# #.....# ##.....##.#
#.....# #....g@.#.# #..._.....#
#.......### ##.....## ##...##
##### ############.#
.............# ##############


You could see a hobgoblin.

Vanquished Creatures
  4 adders (D:2)
  A worm (D:2)
  2 dart slugs (D:2)
  3 leopard geckos (D:1)
  A ball python (D:2)
  2 bats
  3 giant cockroaches
  5 goblins
  2 hobgoblins
  4 jackals (D:2)
  A frilled lizard (D:1)
  6 kobolds
  11 rats
45 creatures vanquished.

Notes
Turn   | Place    | Note
-------+----------+-------------------------------------------
     0 | D:1      | MisterFreud the Octopode Earth Elementalist began the quest
                  | for the Orb.
     0 | D:1      | Reached XP level 1. HP: 11/11 MP: 3/3
     3 | D:1      | Noticed an electric eel
     3 | D:1      | Noticed an electric eel
   184 | D:1      | Reached XP level 2. HP: 11/17 MP: 5/5
  1342 | D:2      | Reached XP level 3. HP: 16/21 MP: 5/7
  2139 | D:2      | Reached XP level 4. HP: 24/27 MP: 6/8
  2145 | D:2      | Reached skill level 4 in Earth Magic
  2159 | D:2      | Learned a level 3 spell: Stone Arrow
  2582 | D:2      | Found a deep blue altar of Sif Muna.
  2587 | D:2      | Slain by a hobgoblin

Levels and vault maps discovered:
D:1:      arrival_aquarium_b, layout_basic
D:2:      minmay_razor_zed, layout_basic, lemuel_round_altar,
          hangedman_decor_push

Skill      XL: |  1  2  3  4 |
---------------+-------------+-----
Spellcasting   | 3 |  3.3
Earth Magic    | 4 |  4.2
Dodging        | |  2.0
Stealth        | |  2.6
Transmutations | |  1.0

Action                   |  1- 3 |  4- 6 || total
-------------------------+-------+-------++-------
Melee: Unarmed           |    56 |       ||    56
       Constrict         |    23 |    11 ||    34
       Tentacles         |    11 |     4 ||    15
       Short sword       |    21 |       ||    21
       Long sword        |     5 |    24 ||    29
 Cast: Sandblast         |     8 |     2 ||    10
  Use: Scroll            |       |     6 ||     6
 Stab: Sleeping          |    12 |     2 ||    14
  Eat: Chunk             |     4 |     1 ||     5
Armor: Skin              |     3 |     5 ||     8
Dodge: Dodged            |    51 |    23 ||    74
       Rpst.: Long sword |     1 |    10 ||    11

Table legend:
 A = Non-vault XP
 B = Vault XP
 C = Vault XP percentage of total XP
 D = Non-vault monster count
 E = Vault monster count
 F = Vault count percentage of total count
                 A         B        C        D         E       F
            +---------+---------+-------+---------+---------+-------
      Total |     109 |      20 |  15.5 |      41 |       4 |   8.9
            +---------+---------+-------+---------+---------+-------
        D:1 |      33 |       0 |   0.0 |      21 |       0 |   0.0
        D:2 |      76 |      20 |  20.8 |      20 |       4 |  16.7
            +---------+---------+-------+---------+---------+-------
